AoeStats
← [CL] Al3jandr0.magn00

Arabia

503735693Analyzed
1v1 RM · 1mo ago on Sep 2, 2026· 61m 38s· 2 players
Game mode
Random Map
Map size
Tiny (2 player)
Population
200
Speed
Normal
Resources
Standard
Victory
Conquest
Starting age
Dark Age
Ending age
Imperial Age
RankedLock teamsTeams togetherTeam positionsShared explorationLock speedFull tech treeHidden civsTurbo modeCheats
Victory
Defeat
🇦🇷 Bulgarians · Argentina
1873
+14
🇺🇸 Cumans · United States
1835
-14
Escalus
5:46 Loom
6:17 Loom
8:53 Feudal Age
9:51 Double-Bit Axe
22:02 Castle Age
20:08 Horse Collar
22:04 Scale Barding Armor
22:01 Fletching
22:15 Stone Mining
26:03 Wheelbarrow
25:13 Town Watch
25:47 Bodkin Arrow
27:03 Padded Archer Armor
31:05 Leather Archer Armor
31:45 Heavy Plow
31:37 Elite Skirmisher
37:32 Imperial Age
35:19 Devotion
38:17 Ballistics
38:46 Gold Mining
40:09 Ring Archer Armor
40:54 Conscription
41:47 Chemistry
41:00 Bow Saw
41:43 Hand Cart
41:45 Masonry
42:33 Chain Barding Armor
44:53 Plate Barding Armor
44:26 Light Cavalry
45:18 Bloodlines
45:32 Forging
45:39 Hussar
48:07 Iron Casting
50:27 Cavalier
52:29 Blast Furnace
56:56 Paladin
[CL] Al3jandr0.magn00
6:25 Loom
9:01 Feudal Age
9:40 Double-Bit Axe
17:24 Town Watch
20:34 Castle Age
18:49 Fletching
18:51 Horse Collar
21:30 Bodkin Arrow
28:33 Bow Saw
32:18 Wheelbarrow
32:39 Scale Mail Armor
32:39 Padded Archer Armor
34:53 Hand Cart
35:01 Ballistics
38:31 Imperial Age
39:01 Bloodlines
38:52 Husbandry
39:16 Bracer
40:17 Chemistry
38:40 Light Cavalry
40:06 Scale Barding Armor
41:42 Chain Barding Armor
41:12 Cavalier
42:26 Conscription
43:18 Plate Barding Armor
43:46 Gold Mining
46:01 Hussar
48:15 Parthian Tactics
48:48 Forging
54:14 Iron Casting
54:07 Stirrups
57:21 Blast Furnace
57:18 Leather Archer Armor
58:43 Chain Mail Armor
58:31 Squires
59:19 Pikeman
61:55 Plate Mail Armor
60:52 Halberdier
Connection lost

Rejoining the realm…

Still unreachable

The connection could not be restored.

Session expired

The server has moved on; the page needs a fresh start.